 Dungeon Crawl Stone Soup version 0.22-a0-769-g178e55541d (webtiles) character file.

11 Holzbalken the Sneak (level 2, -3/19 HPs)
             Began as a Vampire Enchanter on July 17, 2018.
             Slain by a gnoll
             ... wielding a +0 club
              (5 damage)
             ... on level 1 of the Dungeon.
             The game lasted 00:01:38 (137 turns).

Holzbalken the Sneak (Vampire Enchanter)             Turns: 137, Time: 00:01:39

Health: -3/19      AC:  2    Str:  7    XL:     2   Next: 17%
Magic:  5/5        EV: 13    Int: 17    God:
Gold:   0          SH:  0    Dex: 14    Spells: 4/5 levels left

rFire    . . .     SeeInvis +   a - +1 dagger
rCold    . . .     Gourm    .   (no shield)
rNeg     + . .     Faith    .   b - +0 robe
rPois    .         Spirit   .   (no helmet)
rElec    .         Reflect  .   (no cloak)
rCorr    .         Harm     .   (no gloves)
MR       .....                  (no boots)
Stlth    +++.......             (no amulet)
HPRegen  0.06/turn              (no ring)
MPRegen  0.09/turn              (no ring)

@: no status effects
A: fangs 3, see invisible, unbreathing
a: no special abilities


You were on level 1 of the Dungeon.
You were not thirsty.

You visited 1 branch of the dungeon, and saw 1 of its levels.

Inventory:

Hand Weapons
 a - a +1 dagger (weapon)
Armour
 b - a +0 robe (worn)
Potions
 d - a potion of blood
 e - a potion of brilliance {unknown}
Comestibles
 c - a ration


   Skills:
 + Level 0.1 Fighting
 + Level 1.1 Short Blades
 + Level 2.3 Dodging
 + Level 5.0 Stealth
 + Level 2.1 Spellcasting
 + Level 4.6 Hexes


You had 4 spell levels left.
You knew the following spells:

 Your Spells              Type           Power        Failure   Level  Hunger
a - Corona                Hex            ###....      3%          1    #......

Your spell library contained the following spells:

 Spells                   Type           Power        Failure   Level  Hunger
 Confuse                  Hex            ###.....     9%          3    ###....
 Tukima's Dance           Hex            ###.....     9%          3    ###....
 Ensorcelled Hibernation  Hex/Ice        #.....       11%         2    ###....
 Dazzling Spray           Conj/Hex       #.....       22%         3    ###....


Dungeon Overview and Level Annotations

Branches:
Dungeon (1/15)

Altars:


Innate Abilities, Weirdness & Mutations

You have razor-sharp teeth.
You have supernaturally acute eyesight. (SInv)
You can survive without breathing.


Message History

You hit the kobold but do no damage.
The kobold is moderately wounded.
The kobold hits you.
You closely miss the kobold.
The kobold is moderately wounded.
The kobold barely misses you.
You closely miss the kobold.
The kobold is moderately wounded.
The kobold hits you but does no damage.
You hit the kobold.
You kill the kobold!
You barely miss the gnoll. The gnoll misses you.
You completely miss the gnoll. You bite the gnoll, but do no damage.
The gnoll closely misses you.
You hit the gnoll but do no damage. The gnoll hits you with a club!
* * * LOW HITPOINT WARNING * * *
You hit the gnoll.
The gnoll is moderately wounded.
The gnoll hits you with a club.
You die...

#......# ##...†..#
#.......# ####
#.......### ...
##.......>..
#.###.....###### .
#.........#♣#♣♣
....######.†.#..†##.'.♣♣
......g@......#####.#♣.♣
....######.....# #.#♣.♣
. #####.# #.#♣♣. #.##
#'#### #..# #.....
##.###..<.. #).##.....
##.####### ...


You could see a gnoll.

Vanquished Creatures
  A dart slug (D:1)
  A giant cockroach (D:1)
  2 goblins (D:1)
  A hobgoblin (D:1)
  2 kobolds (D:1)
  2 bats (D:1)
9 creatures vanquished.

Notes
Turn   | Place    | Note
-------+----------+-------------------------------------------
     0 | D:1      | Holzbalken the Vampire Enchanter began the quest for the Orb.
     0 | D:1      | Reached XP level 1. HP: 13/13 MP: 3/3
   117 | D:1      | Reached XP level 2. HP: 16/19 MP: 5/5
   128 | D:1      | Reached skill level 5 in Stealth
   137 | D:1      | Slain by a gnoll

Vault maps used:
D:1:      scummos_arrival_gate

Skill      XL: |  1  2 |
---------------+-------+-----
Stealth        | 5 |  5.0
Fighting       | |  0.1
Short Blades   | |  1.1
Dodging        | |  2.3
Spellcasting   | |  2.1
Hexes          | |  4.6

Action                   || total
-------------------------++-------
Melee: Dagger            ||    37
       Bite              ||     4
 Cast: Corona            ||     2
 Stab: Sleeping          ||     3
Armor: Robe              ||     6
Dodge: Dodged            ||    18

Table legend:
 A = Spawn XP
 B = Non-spawn XP
 C = Spawn XP percentage of total XP
 D = Spawn monster count
 E = Non-spawn monster count
 F = Spawn count percentage of total count
 G = Total turns spent on level
                    A         B        C        D         E        F      G
               +---------+---------+-------+---------+---------+-------+---------
         Total |       0 |      17 |   0.0 |       0 |       9 |   0.0 |   137
               +---------+---------+-------+---------+---------+-------+---------
           D:1 |       0 |      17 |   0.0 |       0 |       9 |   0.0 |   137
               +---------+---------+-------+---------+---------+-------+---------
